Map: Acropolis LE

Players

Mez

  • Race: Terran Terran
  • League: Master
  • Spawn Location: 5:00

Pheliaz - Winner!

  • Race: Zerg Zerg
  • League: Master
  • Spawn Location: 11:00

VOD

Have the link to the VOD?

Description

Time

  • Played on: Aug. 7, 2019, 4:08 p.m.
  • Length: 26:05
Show
View Real Time Build Order
Export as new Build Order

Mez Terran 

Build Orders: Liberator Opening, Reaper Expand 

Get SALT Encoding   

  12  0:00  SCV  
  13  0:12  SCV  
  14  0:17  Supply Depot  
  14  0:25  SCV  
  15  0:39  SCV  
  15  0:40  Barracks  
  16  0:44  Refinery  
  16  0:51  SCV  
  17  1:03  SCV  
  18  1:16  SCV  
  19  1:27  Reaper  
  19  1:28  Orbital Command  
  20  1:41  Command Center  
  20  1:54  SCV, Supply Depot  
  20  1:59  Marine  
  22  2:07  SCV  
  23  2:10  Refinery  
  23  2:16  Factory  
  23  2:26  Barracks Reactor  
  23  2:27  SCV  
  23  2:51  SCV  
  24  2:56  Orbital Command  
  24  3:04  Starport  
  24  3:11  SCV  
  25  3:15  Hellion x2  
  25  3:16  Barracks Tech Lab  
  29  3:21  Supply Depot  
  29  3:23  SCV  
  29  3:24  SCV  
  29  3:26  Liberator  
  31  3:35  SCV  
  31  3:36  SCV  
  31  3:39  Hellion x2  
  37  3:47  SCV  
  41  3:48  SCV  
  41  3:50  Supply Depot  
  42  3:59  SCV  
  42  4:00  Hellion x2, SCV  
  48  4:09  Stimpack  
  48  4:11  SCV  
  48  4:12  SCV  
  48  4:14  Liberator  
  49  4:24  SCV x2  
  50  4:27  Command Center  
  54  4:36  SCV, Factory Reactor  
  54  4:37  SCV  
  56  4:48  SCV  
  56  4:49  SCV  
  58  4:54  Engineering Bay, Barracks x2  
  58  4:55  Engineering Bay  
  58  4:56  Marine  
  59  5:04  SCV x2  
  59  5:06  Refinery  
  61  5:08  Refinery  
  61  5:16  SCV  
  62  5:25  Factory Reactor  
  62  5:29  SCV x2  
  56  5:42  Starport Reactor  
  51  5:48  SCV x2  
  51  5:51  Orbital Command  
  51  6:00  SCV x2, Marine x5  
  51  6:02  Widow Mine x2  
  62  6:06  Terran Infantry Armor Level 1, Terran Infantry Weapons Level 1  
  62  6:07  Barracks  
  62  6:08  Barracks  
  62  6:12  SCV x2  
  62  6:13  Supply Depot  
  62  6:14  Supply Depot  
  62  6:18  Marine x3  
  66  6:23  SCV  
  66  6:24  SCV  
  71  6:26  Widow Mine x2  
  71  6:27  Medivac  
  71  6:28  Medivac  
  77  6:35  Marine x2  
  77  6:38  SCV x2  
  81  6:44  Orbital Command  
  81  6:57  Supply Depot  
  81  6:58  Marine  
  81  6:59  Marine x3  
  81  7:00  Barracks Reactor x2  
  85  7:02  Supply Depot  
  85  7:03  Armory, Supply Depot  
  85  7:07  Barracks  
  85  7:10  Barracks  
  85  7:11  Barracks  
  85  7:20  Marine  
  85  7:21  Marine x4  
  94  7:22  Widow Mine  
  94  7:23  Widow Mine  
  94  7:26  SCV x3  
  97  7:35  Supply Depot  
  97  7:36  Marine x3, Supply Depot  
  100  7:38  SCV x3, Marine  
  100  7:39  Marine x3  
  100  7:42  Factory, Medivac x2  
  115  7:44  Widow Mine x2  
  115  7:50  SCV x2  
  115  7:53  Refinery  
  115  8:04  Marine  
  115  8:05  Marine x4  
  117  8:18  Marine x7  
  117  8:31  Terran Infantry Armor Level 2, Terran Infantry Weapons Level 2  
  117  8:32  Supply Depot  
  117  8:33  Factory Tech Lab, Supply Depot x2  
  117  8:35  Widow Mine x2, SCV x2, Marine x5  
  117  8:36  Marine x3  
  117  8:37  Medivac x2  
  139  8:43  SCV  
  139  8:47  SCV  
  141  8:50  SCV  
  141  8:51  Barracks Tech Lab x2  
  141  8:52  Barracks Reactor  
  141  8:53  Widow Mine, Drilling Claws  
  141  8:55  SCV  
  141  8:58  Supply Depot  
  141  9:00  SCV, Supply Depot  
  142  9:03  SCV  
  142  9:04  Refinery  
  143  9:15  Supply Depot  
  135  9:28  Marine x8  
  135  9:29  Marine x3  
  142  9:31  Marine x2  
  142  9:32  Widow Mine  
  142  9:33  Widow Mine x2  
  142  9:45  SCV x3  
  138  9:46  Marine x11  
  138  9:49  Marine x2, Supply Depot  
  138  9:50  Command Center, Medivac x2, Supply Depot  
  155  10:09  Marine  
  155  10:10  Marine x6, Marauder  
  155  10:11  Marine, Marauder x2  
  167  10:22  Marine x2  
  167  10:27  Marine, Medivac x2  
  174  10:32  Marine x3, Marauder x3  
  174  10:33  Marine x2  
  185  10:47  Marine x5  
  185  10:49  Terran Infantry Weapons Level 3  
  190  10:53  Marauder x2  
  190  10:54  Marauder  
  190  10:57  Medivac  
  198  11:03  Marine x2  
  168  11:15  Marine x3, Marauder x3  
  168  11:16  Marine x4, Medivac  
  138  11:27  Marine x3, Medivac  
  139  11:33  Marine x4  
  139  11:34  Marine x3  
  139  11:36  Marauder x3  
  150  11:40  Liberator  
  150  11:41  Liberator  
  150  11:42  SCV x2  
  150  11:43  Terran Infantry Armor Level 3, SCV  
  150  11:44  Marine  
  150  11:45  Marine x2  
  150  11:51  Marine x5  
  150  11:52  Marine x2  
  155  11:54  Planetary Fortress  
  155  11:57  Marauder  
  167  12:01  Widow Mine x2  
  167  12:03  Starport  
  167  12:15  Marine x10, Marauder x2  
  174  12:17  Widow Mine  
  183  12:23  Command Center  
  183  12:31  Marauder  
  183  12:32  Widow Mine x2, Liberator  
  183  12:33  Liberator  
  184  12:49  Marine, Marauder x2  
  195  12:51  Starport Tech Lab  
  195  12:53  Marauder  
  196  13:05  Marine x7  
  198  13:21  SCV x3  
  200  13:51  Fusion Core  
  200  14:05  Liberator x3  
  156  14:14  Marine, Marauder  
  127  14:18  Marine x5, Marauder  
  127  14:19  Marine x4, Marauder  
  136  14:26  Widow Mine  
  137  14:35  Marauder  
  137  14:39  Marauder  
  137  14:40  Marauder  
  137  14:41  Marine x2  
  137  14:42  Marine x3  
  145  14:51  Marine  
  145  14:52  Marine x4  
  150  14:54  Widow Mine x3  
  150  14:56  Liberator  
  150  14:57  Marauder  
  150  14:59  Marine x3  
  160  15:01  Planetary Fortress, Marauder  
  163  15:09  Orbital Command  
  163  15:13  Marauder, Medivac x2  
  157  15:18  Marauder  
  157  15:21  Marine x5  
  160  15:25  Marine  
  160  15:26  Marauder  
  164  15:42  Supply Depot  
  164  15:45  Marauder, Supply Depot  
  164  15:46  Supply Depot  
  164  15:47  Marine  
  164  15:49  Marine  
  164  15:50  Marine  
  164  16:00  Supply Depot  
  164  16:01  Marine x2, Supply Depot  
  164  16:02  Supply Depot  
  164  16:03  Supply Depot  
  164  16:06  Liberator  
  164  16:08  Marine  
  164  16:09  Marauder  
  164  16:21  Marine x6  
  164  16:22  Marauder  
  164  16:23  Marine x4, Medivac x2  
  180  16:26  Marine  
  180  16:30  Refinery, Command Center, Marauder  
  180  16:32  Refinery x2  
  183  16:33  Refinery  
  183  16:39  Marine x3  
  186  16:42  Marauder  
  186  16:44  Marine x6, Marauder  
  196  16:52  Liberator x2  
  196  16:56  Command Center  
  196  17:01  Marine  
  196  17:02  Marine  
  196  17:03  Marine  
  196  17:04  Marine  
  189  17:09  Marauder  
  189  17:10  Marine x7, Marauder  
  157  17:19  Marine x2  
  157  17:21  Marauder  
  157  17:22  Marine  
  158  17:27  Marine  
  158  17:28  Marine x4, Medivac  
  163  17:30  Marauder  
  163  17:35  Marine x3  
  166  17:37  Marine x2  
  166  17:40  Marine  
  166  17:43  Marine  
  165  17:45  Marine x2  
  165  17:46  Marine  
  168  17:56  Refinery  
  168  17:57  Refinery  
  165  18:19  Marine x12, Medivac x2  
  178  18:20  Marauder  
  175  18:42  Marine x2  
  175  18:43  Sensor Tower, Marine x4, Marauder x2  
  185  18:52  Liberator x3  
  185  19:00  Marine x3, Marauder  
  185  19:01  Marine x2  
  192  19:04  Marauder x2  
  192  19:08  Marine x3  
  200  19:17  Marine x2  
  173  19:18  Marine  
  173  19:22  Marauder  
  177  19:25  Marauder  
  177  19:26  Marauder  
  170  19:38  Cyclone  
  170  19:41  Marine x10  
  170  19:42  Liberator x3  
  170  19:43  Marauder  
  183  19:46  Marine x2  
  174  19:54  Planetary Fortress  
  174  19:56  Planetary Fortress  
  182  20:02  Widow Mine x2  
  182  20:05  Marauder x2  
  191  20:21  Widow Mine  
  191  20:23  Widow Mine  
  193  20:46  SCV  
  193  20:47  SCV  
  186  20:58  SCV  
  186  20:59  SCV  
  185  21:06  SCV x2  
  185  21:10  SCV  
  185  21:11  SCV  
  185  21:12  Command Center  
  185  21:13  Command Center  
  172  21:19  SCV  
  172  21:20  Marine x2  
  172  21:21  Marine x5, Marauder x3  
  172  21:22  Widow Mine x3  
  172  21:23  SCV x2  
  195  21:32  Hi-Sec Auto Tracking, Neosteel Armor  
  187  21:34  Terran Ship Weapons Level 1  
  187  21:43  Widow Mine, Marauder  
  187  22:01  Liberator x2  
  151  22:13  Marine  
  151  22:14  Marauder  
  121  22:18  Marine  
  121  22:19  Widow Mine, Marine x2, Marauder x2  
  121  22:20  Widow Mine  
  122  22:23  Marine x6  
  122  22:29  Orbital Command  
  124  22:30  Command Center  
  124  22:35  Marauder  
  125  22:40  Marauder x2  
  125  22:43  Marine x3  
  126  22:45  Concussive Shells  
  126  22:46  Combat Shield  
  126  22:49  Marine  
  127  22:57  Marauder  
  129  23:01  Marauder  
  129  23:02  Marauder  
  123  23:14  Widow Mine x2  
  123  23:18  Marauder  
  124  23:23  Marauder  
  124  23:25  Marine x6  
  124  23:26  Marine x2, Marauder  
  115  23:28  Medivac  
  110  23:35  Marine  
  110  23:36  Marine  
  110  23:39  Marauder  
  108  23:42  Orbital Command  
  108  23:43  Marine  
  108  23:45  Marine x4  
  99  23:51  Marine  
  99  23:52  Marine x2  
  99  23:54  Marine  
  96  24:01  Planetary Fortress  
  94  24:09  SCV x2  
  96  24:25  Widow Mine x3  
  96  24:26  Marine x7  
  96  24:30  Marine  
  96  24:31  Marine  
  111  24:38  Orbital Command  
  111  24:39  Sensor Tower, SCV  
  111  24:40  SCV x2  
  114  24:46  Marine x5  
  119  24:59  Marine  
  114  25:00  Marine x7  
  114  25:04  Marine x3  
  103  25:07  Siege Tank  
  103  25:09  Marine x2  
  101  25:26  Medivac x2  
  80  25:36  Marine  
  80  25:38  Marine x12  
  71  25:43  Widow Mine x2  
Show
View Real Time Build Order
Export as new Build Order

Pheliaz Zerg - Winner!

Build Orders: Hatch First 

Get SALT Encoding   

  12  0:00  Drone  
  13  0:13  Overlord  
  13  0:18  Drone  
  14  0:33  Drone x2  
  16  0:37  Drone  
  17  0:52  Hatchery  
  17  0:55  Drone  
  17  0:58  Drone  
  18  1:10  Extractor  
  17  1:13  Spawning Pool  
  17  1:16  Drone  
  17  1:20  Drone  
  18  1:29  Drone  
  19  1:43  Drone  
  20  1:51  Overlord  
  20  2:00  Queen  
  22  2:03  Queen  
  22  2:04  Zergling x2  
  22  2:05  Zergling x2  
  26  2:24  Hatchery  
  26  2:26  Metabolic Boost  
  25  2:30  Drone x2  
  27  2:39  Spore Crawler  
  25  2:57  Drone  
  25  2:58  Drone x5  
  31  3:12  Overlord  
  31  3:17  Drone x5  
  36  3:29  Overlord, Queen x2  
  36  3:34  Zergling x6  
  43  3:35  Zergling x2  
  44  3:42  Drone x2  
  46  3:50  Drone x2  
  46  3:51  Overlord  
  48  3:59  Drone x2  
  48  4:00  Queen  
  53  4:02  Drone  
  53  4:08  Queen x2  
  57  4:17  Overlord  
  57  4:18  Drone x3  
  59  4:26  Drone  
  59  4:27  Drone  
  59  4:28  Evolution Chamber, Baneling Nest  
  59  4:29  Evolution Chamber  
  58  4:31  Overlord  
  58  4:33  Drone x2  
  58  4:37  Drone x3  
  63  4:49  Drone x2, Extractor  
  63  4:50  Overlord  
  63  4:51  Drone x3  
  63  4:52  Drone x2  
  69  5:03  Zergling x6  
  72  5:09  Zergling x2  
  69  5:20  Spore Crawler  
  68  5:21  Drone x10  
  71  5:32  Zergling x6  
  66  5:53  Overlord x2  
  66  5:54  Drone x4  
  70  6:00  Lair  
  70  6:02  Drone x4  
  70  6:03  Overlord x2  
  74  6:04  Baneling  
  74  6:05  Baneling  
  74  6:08  Zerg Ground Armor Level 1  
  74  6:09  Zerg Melee Weapons Level 1  
  74  6:12  Drone x3  
  74  6:15  Extractor  
  76  6:22  Drone x3  
  76  6:24  Extractor x2  
  72  6:34  Hatchery  
  71  6:43  Drone x5  
  76  7:08  Drone  
  76  7:09  Drone x5  
  76  7:11  Zergling x2, Extractor  
  76  7:12  Zergling x16  
  90  7:21  Overlord  
  90  7:23  Overlord x3  
  90  7:38  Overlord x2  
  90  7:39  Queen  
  90  7:41  Drone x3  
  90  7:42  Drone, Hydralisk Den  
  90  7:43  Drone  
  96  7:47  Queen  
  96  7:49  Zergling x6  
  101  7:57  Zergling x2  
  101  7:58  Zergling x20  
  111  8:03  Centrifical Hooks  
  111  8:07  Overlord, Zerg Melee Weapons Level 2  
  111  8:08  Zerg Ground Armor Level 2  
  111  8:10  Baneling x2  
  111  8:11  Baneling x5  
  111  8:15  Overlord x2  
  100  8:20  Zergling x14  
  100  8:23  Zergling x2  
  100  8:24  Zergling x6  
  110  8:29  Baneling x2  
  110  8:30  Hydralisk x4  
  118  8:36  Grooved Spines  
  118  8:41  Overseer  
  118  8:42  Pneumatized Carapace  
  118  8:51  Hydralisk x4  
  118  8:52  Zergling x22  
  118  8:55  Overlord  
  134  9:16  Hydralisk  
  134  9:17  Hydralisk x3  
  134  9:18  Zergling x8  
  134  9:19  Zergling x12  
  137  9:42  Hydralisk  
  137  9:43  Hydralisk x2  
  142  9:48  Drone x5  
  142  9:50  Baneling x4  
  142  9:51  Drone x7  
  154  9:56  Zergling x12  
  154  9:57  Muscular Augments  
  160  10:01  Infestation Pit  
  160  10:02  Overlord  
  159  10:12  Hatchery  
  158  10:18  Zergling x6  
  158  10:19  Zergling x12  
  158  10:20  Overlord x4  
  167  10:23  Extractor x2  
  165  10:29  Overlord x2, Hydralisk x2  
  165  10:30  Hydralisk x2  
  165  10:32  Baneling  
  165  10:33  Baneling x18  
  173  10:36  Zergling x4  
  175  10:45  Drone x4  
  179  10:59  Zergling x10  
  179  11:00  Zergling x14  
  166  11:12  Drone x7  
  166  11:13  Drone x2  
  151  11:26  Drone x5, Zergling x2  
  151  11:27  Drone x2  
  151  11:31  Drone  
  151  11:32  Drone  
  156  11:35  Zergling x2  
  156  11:36  Zergling x8  
  154  11:41  Drone x2  
  154  11:42  Drone  
  157  11:49  Zergling x2  
  157  11:50  Zergling x10  
  162  11:55  Hive  
  162  12:00  Zergling x10  
  167  12:05  Drone  
  168  12:09  Baneling x12  
  168  12:13  Baneling x7  
  168  12:17  Zergling x2  
  168  12:18  Zergling x16  
  164  12:48  Hatchery  
  161  13:07  Zergling x26  
  161  13:08  Zergling x22  
  161  13:09  Drone  
  166  13:31  Hatchery  
  166  13:33  Hydralisk x5  
  175  13:35  Baneling x4  
  175  13:36  Baneling x7  
  175  13:41  Zergling x26  
  176  13:42  Zergling x4  
  158  14:12  Zergling x30  
  158  14:13  Zergling x4  
  142  14:25  Zergling x16  
  147  14:33  Hydralisk x4  
  147  14:36  Zerg Melee Weapons Level 3  
  147  14:37  Zerg Ground Armor Level 3  
  140  14:40  Hydralisk  
  140  14:41  Hydralisk x2  
  144  14:59  Baneling x14  
  144  15:02  Zergling x2  
  144  15:03  Zergling x30  
  160  15:11  Overseer  
  160  15:16  Hatchery  
  159  15:40  Hatchery  
  138  16:29  Drone x8  
  146  16:33  Zergling x34  
  146  16:34  Zergling x28  
  146  16:37  Baneling x10  
  146  16:38  Baneling x7  
  177  16:43  Hydralisk x7  
  177  16:44  Hydralisk x4  
  182  17:12  Zergling x10  
  182  17:13  Zergling x18  
  173  17:31  Drone x6  
  173  17:33  Zergling x20  
  173  17:35  Adrenal Glands  
  189  17:46  Spore Crawler  
  189  17:47  Hydralisk  
  189  17:48  Hydralisk x4  
  198  17:52  Overseer  
  198  17:53  Overseer  
  198  17:54  Overlord x2  
  198  17:57  Zergling x4  
  192  18:12  Baneling x12  
  192  18:13  Baneling x3  
  192  18:15  Baneling  
  192  18:16  Baneling x10  
  189  18:20  Zerg Missile Weapons Level 1  
  186  18:34  Zergling x26  
  198  18:41  Hatchery  
  198  18:44  Baneling x6  
  198  18:45  Baneling x4  
  198  18:47  Baneling x6  
  198  18:48  Baneling  
  195  18:58  Extractor  
  186  19:25  Spire  
  182  19:41  Zergling x16  
  182  19:42  Zergling x22  
  192  19:47  Hatchery  
  191  19:56  Queen  
  190  20:05  Baneling x7  
  190  20:12  Zergling x8  
  190  20:13  Zergling x10  
  199  20:15  Pathogen Glands  
  182  20:46  Drone  
  182  20:47  Drone x11  
  182  20:51  Zergling x18  
  182  20:52  Zergling x16  
  196  20:57  Baneling  
  196  20:58  Baneling x9  
  196  21:00  Hydralisk x2  
  195  21:16  Drone x3  
  176  21:51  Extractor  
  169  21:54  Hatchery  
  157  22:13  Zergling x34  
  156  22:21  Zergling x2  
  155  22:39  Zergling x12  
  155  22:40  Zergling x2  
  147  22:44  Baneling  
  147  22:45  Baneling x14  
  147  22:49  Zergling x18  
  156  22:54  Hatchery  
  156  22:55  Greater Spire  
  155  23:03  Hatchery  
  140  23:15  Zergling x16  
  117  23:27  Hydralisk x7  
  127  23:37  Zergling x12  
  122  23:43  Hydralisk x2  
  122  23:44  Hydralisk x2  
  122  23:45  Baneling x8  
  122  23:46  Baneling x6  
  127  23:54  Hydralisk x10  
  129  24:15  Queen  
  131  24:20  Zergling x2  
  131  24:21  Zergling x34  
  149  24:25  Hydralisk x3  
  155  24:40  Baneling x10  
  155  24:42  Zergling x12  
  161  24:50  Zergling x10  
  156  25:01  Zergling x4  
  156  25:02  Zergling x16  
  155  25:10  Zergling x2  
  155  25:11  Zergling x12  
  155  25:14  Baneling x5  
  110  25:46  Zergling x22  
  110  25:47  Zergling x6  
Tags
 
Add a new tag
Caveats
  • Supply blocks, unpowered buildings, or Contaminate may cause inaccurate times.
  • Supply counts are checked every 10 seconds.